 Dungeon Crawl Stone Soup version 0.30.1-11-g7821555f0a (webtiles) character file.

Game seed: 732860383496899631

66 cdecastro the Cudgeller (level 3, -3/31 HPs)
             Began as an Armataur Warper on Jan 11, 2024.
             Slain by an orc
             ... wielding a +0 club
              (5 damage)
             ... on level 2 of the Dungeon.
             The game lasted 00:03:12 (1647 turns).

cdecastro the Cudgeller (Armataur Warper)           Turns: 1647, Time: 00:03:12

Health: -3/31      AC:  4    Str: 18    XL:     3   Next: 96%
Magic:  5/5        EV:  9    Int: 13    God:
Gold:   42         SH:  0    Dex:  9    Spells: 5/5 levels left

rFire   . . .        a - +0 mace
rCold   . . .        (no shield)
rNeg    . . .        b - +0 leather armour
rPois   .            (no helmet)
rElec   .            (no cloak)
rCorr   .            (no gloves)
SInv    .            (no barding)
Will    .....        (no amulet)
Stlth   +            (no ring)
HPRegen 0.25/turn    (no ring)
MPRegen 0.09/turn

%: roll
@: no status effects
A: large, rugged brown scales 3, deformed body, armoured tail, roll, long
tongue, awkward tongue
a: no special abilities


You were on level 2 of the Dungeon.
You visited 1 branch of the dungeon, and saw 3 of its levels.

You collected 84 gold pieces.
You spent 42 gold pieces at shops.

Inventory:

Hand Weapons
 a - a +0 mace (weapon)
Missiles
 d - 7 boomerangs of dispersal (quivered)
 l - 6 javelins
Armour
 b - a +0 leather armour (worn)
Scrolls
 c - a scroll of blinking
 e - 2 scrolls of fear {unknown}
 g - a scroll of fog {unknown}
 h - a scroll of magic mapping {unknown}
 m - a scroll of teleportation {unknown}
 n - a scroll of vulnerability {unknown}
Potions
 f - 2 potions of haste {unknown}
 i - a potion of curing
 j - a potion of attraction {unknown}
 k - 2 potions of heal wounds {unknown}


   Skills:
 - Level 1.7 Fighting
 + Level 3.9 Maces & Flails
 - Level 0.8 Throwing
 - Level 1.2 Armour
 - Level 1.3 Dodging
 - Level 1.7 Spellcasting
 - Level 3.0 Translocations


You had 5 spell levels left.
You didn't know any spells.
Your spell library contained the following spells:

 Spells                   Type           Power      Damage    Failure   Level
 Blink                    Tloc           16%        N/A       14%         2
 Lesser Beckoning         Tloc           16%        N/A       14%         2
 Teleport Other           Tloc           8%         N/A       26%         3
 Vhi's Electric Charge    Tloc/Air       10%        N/A       45%         3
 Manifold Assault         Tloc           8%         N/A       65%         4


Dungeon Overview and Level Annotations

Branches:
Dungeon (3/15)

Altars:

Shops:
D:1 =   D:2 !   D:3 (*

Annotations:
D:3 Terence


Innate Abilities, Weirdness & Mutations

You are completely covered in rugged brown scales. (AC +3, +7% HP)
Armour fits poorly on your strangely shaped body.
You have a long armoured tail.
You roll when moving toward enemies. (Rampage)
Your long tongue fully drains potion bottles. (2x potion effects)
Your tongue gives you trouble enunciating. (1.5x scroll delay)


Message History

The orc shouts!
There is a stone staircase leading up here.
Unknown command.
The orc closely misses you. The orc priest completely misses you.
You climb upwards.
There is a stone staircase leading down, spattered with blood here.
Unknown command.
You hit the orc priest.
Your tail-slap misses the orc priest.
The orc priest is moderately wounded.
The orc priest barely misses you. The orc hits you with a +0 club.
The orc priest calls down the wrath of Beogh upon you.
Pain shoots through your body! The orc hits you with a +0 club.
You hit the orc priest but do no damage.
The orc priest is moderately wounded.
The orc priest looks encouraged for a moment.
The orc hits you with a +0 club.
You hit the orc priest.
Your tail-slap misses the orc priest.
The orc priest is severely wounded.
The orc priest hits you with a +0 mace!
* * * LOW HITPOINT WARNING * * *
The orc hits you with a +0 club.
* * * LOW HITPOINT WARNING * * *
You hit the orc priest but do no damage.
Your tail-slap misses the orc priest.
The orc priest is severely wounded.
The orc priest begins to cast a cantrip, but forgets the words!
The orc hits you but does no damage.
You hit the orc priest.
Your tail-slap misses the orc priest.
The orc priest is severely wounded.
The orc priest completely misses you. The orc hits you with a +0 club.
* * * LOW HITPOINT WARNING * * *
Unknown command.
You closely miss the orc priest.
Your tail-slap misses the orc priest.
The orc priest is severely wounded.
The orc priest hits you with a +0 mace.
* * * LOW HITPOINT WARNING * * *
The orc hits you with a +0 club.
* * * LOW HITPOINT WARNING * * *
The orc priest barely misses you. The orc hits you with a +0 club.
You die...

########.# #####
#........#
#......#.#
#......#.#
#....).#.#
#......#.#
#......#.##########
###...##.##........
#@o...............
#o#####.##........
#.# #.##.....∩..
#.# #.##........
#.# #.##########
#.#####.# #
#.......# ####
######### #... #...


You could see an orc priest and an orc.

Vanquished Creatures
  An adder (D:2)
  A worm (D:2)
  A dart slug (D:2)
  An orc (D:2)
  2 ball pythons (D:1)
  6 endoplasms
  3 giant cockroaches
  8 goblins
  4 hobgoblins
  6 jackals (D:1)
  2 quokkas
  4 bats
  3 frilled lizards (D:2)
  2 kobolds (D:2)
44 creatures vanquished.

Notes
Turn   | Place    | Note
-------+----------+-------------------------------------------
     0 | D:1      | cdecastro the Armataur Warper began the quest for the Orb.
     0 | D:1      | Reached XP level 1. HP: 18/18 MP: 3/3
   153 | D:1      | Reached XP level 2. HP: 23/25 MP: 4/4
   406 | D:1      | Found Bifos's Jewellery Emporium.
   633 | D:2      | Reached XP level 3. HP: 27/31 MP: 5/5
   733 | D:2      | Found Narphic's Distillery.
   741 | D:2      | Bought a potion of curing for 42 gold pieces
  1379 | D:3      | Found Pudiskeigel's Assorted Antiques.
  1379 | D:3      | Found Qumuhoydgh's Weapon Boutique.
  1383 | D:3      | Noticed a bullfrog
  1426 | D:3      | Noticed Terence
  1520 | D:2      | HP: 1/31 [giant cockroach (1)]
  1647 | D:2      | Slain by an orc

Illustrated notes

Levels and vault maps discovered:
D:1:      amcnicky_arrival_wind_blow, layout_rooms, serial_shops,
          nicolae_square_shop
D:2:      layout_basic, serial_shops, shop
D:3:      layout_rooms, serial_shops, shop, shop, nicolae_shop_rolling_square,
          uniq_natasha, uniq_ijyb, uniq_terence

Skill      XL: |  1  2 |
---------------+-------+-----
Maces & Flails | 2 3 |  3.9
Fighting       | |  1.7
Throwing       | |  0.8
Armour         | |  1.2
Dodging        | |  1.3
Spellcasting   | |  1.7
Translocations | |  3.0

Action                     || total
---------------------------++-------
  Melee: Mace              ||   129
         Tailslap          ||    12
         Punch             ||     1
 Armour: Leather armour    ||    42
  Dodge: Dodged            ||    65
